Map: Abyssal Reef LE

Players

wordpad

  • Race: Protoss Protoss
  • Spawn Location: 11:00

A.I. 1 (Hard) - Winner!

  • Race: Terran Terran
  • Spawn Location: 5:00

VOD

Have the link to the VOD?

Description

Time

  • Played on: Jan. 28, 2017, 6:10 p.m.
  • Length: 5:37
Show
View Real Time Build Order
Export as new Build Order

wordpad Protoss 

Build Orders: Oracle Opening 

Get SALT Encoding   

  12  0:03  Probe (Chrono Boost)  
  13  0:13  Probe (Chrono Boost)  
  14  0:18  Pylon  
  14  0:24  Probe (Chrono Boost)  
  15  0:36  Probe (Chrono Boost)  
  15  0:38  Gateway  
  16  0:47  Probe (Chrono Boost)  
  17  0:58  Assimilator  
  17  1:02  Assimilator  
  17  1:07  Pylon  
  17  1:08  Probe (Chrono Boost)  
  18  1:19  Probe (Chrono Boost)  
  19  1:29  Probe (Chrono Boost)  
  19  1:32  Cybernetics Core  
  20  1:41  Probe (Chrono Boost)  
  21  1:51  Probe (Chrono Boost)  
  22  2:02  Nexus  
  22  2:09  Stalker  
  24  2:18  Mothership Core (Chrono Boost)  
  26  2:36  Probe (Chrono Boost)  
  27  2:38  Stargate  
  27  2:46  Probe (Chrono Boost)  
  28  2:55  Stalker  
  30  3:01  Pylon  
  30  3:05  Probe (Chrono Boost)  
  31  3:14  Probe (Chrono Boost)  
  31  3:16  Probe (Chrono Boost)  
  33  3:20  Oracle  
  33  3:25  Probe (Chrono Boost)  
  38  3:27  Probe (Chrono Boost)  
  38  3:36  Robotics Facility  
  38  3:37  Probe (Chrono Boost)  
  38  3:40  Probe (Chrono Boost)  
  40  3:43  Gateway  
  40  3:49  Gateway  
  42  4:03  Probe x2 (Chrono Boost)  
  42  4:13  Probe (Chrono Boost)  
  42  4:14  Probe (Chrono Boost)  
  44  4:22  Pylon  
  44  4:24  Probe (Chrono Boost)  
  45  4:25  Probe (Chrono Boost)  
  46  4:34  Probe (Chrono Boost)  
  47  4:47  Probe x2 (Chrono Boost)  
  49  4:57  Probe (Chrono Boost)  
  42  5:25  Probe (Chrono Boost)  
Show
View Real Time Build Order
Export as new Build Order

A.I. 1 (Hard) Terran - Winner!

Build Orders:  

Get SALT Encoding   

  12  0:00  SCV  
  13  0:13  SCV  
  14  0:19  Supply Depot  
  14  0:25  SCV  
  15  0:40  SCV  
  15  0:42  Barracks  
  16  0:51  Refinery  
  16  0:52  SCV  
  17  1:04  SCV  
  18  1:16  SCV  
  19  1:22  Supply Depot  
  19  1:29  Orbital Command, Marine  
  20  1:47  Marine  
  21  1:54  Supply Depot  
  21  1:55  SCV  
  22  2:05  Marine  
  22  2:07  Barracks  
  23  2:23  SCV  
  23  2:24  Barracks Tech Lab  
  24  2:31  Refinery  
  24  2:35  SCV  
  24  2:36  Supply Depot  
  25  2:42  Marine  
  26  2:45  Engineering Bay  
  26  2:47  SCV  
  27  2:54  Marine  
  28  2:59  SCV  
  28  3:00  Marine  
  30  3:11  Marine, SCV  
  32  3:18  Marauder  
  34  3:23  SCV  
  35  3:40  Marauder  
  37  4:24  Barracks Tech Lab, Reaper  
  37  4:28  Factory  
  37  4:29  Missile Turret  
  37  4:30  Missile Turret  
  38  4:33  Supply Depot, Command Center  
  38  4:36  SCV  
  36  4:42  Reaper  
  28  4:48  SCV  
  21  4:56  Reaper  
  18  5:00  SCV  
  19  5:12  SCV  
  20  5:14  Marine  
  20  5:17  Factory Tech Lab  
  16  5:24  SCV  
Tags
 
Add a new tag
Caveats
  • Supply blocks, unpowered buildings, or Contaminate may cause inaccurate times.
  • Supply counts are checked every 10 seconds.